AoeStats
← Eugenius

Fortress

509956005Analyzed
4v4 RM · 3d ago on Sep 28, 2026· 46m 6s· 8 players
Game mode
Random Map
Map size
Huge
Population
200
Speed
Normal
Resources
Standard
Victory
Conquest
Starting age
Dark Age
Ending age
Imperial Age
RankedLock teamsTeams togetherTeam positionsShared explorationLock speedFull tech treeHidden civsTurbo modeCheats
Victory
Defeat
🇵🇪 Magyars · Peru
1693
+15
🇺🇸 Italians · United States
1686
+15
🇲🇽 Gurjaras · Mexico
1561
+20
🇲🇽 Georgians · Mexico
1560
+20
🇬🇪 Slavs · Georgia
1683
-19
🇩🇪 Japanese · Germany
1673
-18
🇨🇳 Magyars · China
1652
-17
🇹🇷 Khmer · Türkiye
1616
-16
Ra
7:14 Feudal Age
11:16 Castle Age
9:13 Loom
15:20 Gold Mining
17:11 Wheelbarrow
29:09 Double-Bit Axe
31:05 Town Watch
32:08 Hand Cart
北冥有鲲
7:56 Feudal Age
8:53 Double-Bit Axe
11:34 Castle Age
9:44 Horse Collar
12:49 Heavy Plow
13:18 Bow Saw
14:51 Wheelbarrow
15:06 Loom
17:31 Gold Mining
19:20 Pikeman
21:29 Bloodlines
23:54 Scale Barding Armor
25:11 Chain Barding Armor
25:17 Husbandry
26:07 Stone Mining
31:27 Imperial Age
30:31 Fletching
30:42 Padded Archer Armor
31:11 Thumb Ring
31:12 Bodkin Arrow
31:24 Corvinian Army
32:13 Recurve Bow
32:32 Leather Archer Armor
33:18 Chemistry
32:39 Ballistics
32:44 Bracer
33:18 Crop Rotation
33:27 Conscription
33:45 Heavy Cavalry Archer
35:16 Parthian Tactics
36:07 Siege Engineers
36:13 Masonry
38:27 Hoardings
42:51 Plate Barding Armor
43:47 Ring Archer Armor
44:18 Two-Man Saw
43:32 Herbal Medicine
44:39 Hand Cart
44:10 Town Watch
45:05 Murder Holes
44:50 Treadmill Crane
45:01 Guard Tower
45:30 Town Watch
nicetobeatyou
6:23 Feudal Age
6:46 Horse Collar
6:52 Double-Bit Axe
8:40 Loom
12:24 Castle Age
13:16 Wheelbarrow
14:19 Heavy Plow
15:04 Bow Saw
17:49 Scale Barding Armor
19:36 Forging
21:41 Husbandry
22:26 Bloodlines
24:32 Gold Mining
26:25 Chain Barding Armor
29:09 Iron Casting
32:07 Hand Cart
37:07 Imperial Age
[TMG] purple
7:58 Feudal Age
8:41 Horse Collar
11:39 Castle Age
9:37 Double-Bit Axe
14:54 Scale Barding Armor
17:12 Wheelbarrow
16:34 Loom
19:16 Bow Saw
19:54 Bow Saw
20:49 Forging
21:04 Gold Mining
36:10 Bloodlines
36:01 Husbandry
36:24 Chain Barding Armor
42:57 Imperial Age
41:31 Stone Mining
42:18 Gold Shaft Mining
43:22 Detinets
44:27 Plate Barding Armor
44:20 Conscription
44:21 Fletching
Paco Gerte Alrato
6:47 Feudal Age
6:01 Loom
8:26 Horse Collar
13:57 Castle Age
12:16 Double-Bit Axe
19:19 Husbandry
19:38 Bloodlines
20:57 Scale Barding Armor
21:02 Forging
33:24 Iron Casting
36:02 Chain Barding Armor
37:20 Fletching
44:07 Wheelbarrow
48:52 Imperial Age
César UAM
7:40 Feudal Age
8:50 Double-Bit Axe
11:34 Castle Age
10:09 Scale Barding Armor
10:04 Horse Collar
17:22 Forging
25:48 Chain Barding Armor
26:45 Iron Casting
26:32 Bloodlines
26:53 Loom
27:09 Fletching
31:07 Wheelbarrow
31:06 Husbandry
34:39 Hand Cart
37:13 Imperial Age
37:14 Bodkin Arrow
37:27 Svan Towers
37:58 Bracer
38:19 Guard Tower
39:54 Conscription
40:43 Keep
41:33 Ballistics
42:14 Chemistry
42:38 Arrowslits
43:46 Masonry
45:23 Elite Monaspa
46:56 Plate Barding Armor
Eugenius
8:56 Feudal Age
9:02 Feudal Age
10:30 Horse Collar
10:36 Double-Bit Axe
13:15 Castle Age
11:47 Bloodlines
12:16 Scale Barding Armor
13:57 Corvinian Army
14:48 Husbandry
20:13 Chain Barding Armor
30:02 Stone Mining
30:16 Heavy Plow
quesarito
4:45 Feudal Age
10:08 Castle Age
8:16 Horse Collar
8:53 Double-Bit Axe
11:37 Fletching
13:24 Ballistics
14:06 Wheelbarrow
16:00 Bodkin Arrow
16:07 Padded Archer Armor
19:14 Leather Archer Armor
20:15 Hand Cart
19:45 Loom
20:29 Gold Mining
28:13 Imperial Age
28:41 Heavy Plow
28:52 Bow Saw
29:04 Bracer
29:39 Ring Archer Armor
30:30 Conscription
31:12 Crop Rotation
33:25 Two-Man Saw
34:01 Chemistry
34:29 Thumb Ring
36:26 Fortified Wall
38:21 Elite Genoese Crossbowman
Connection lost

Rejoining the realm…

Still unreachable

The connection could not be restored.

Session expired

The server has moved on; the page needs a fresh start.